 Dungeon Crawl Stone Soup version 0.21-a0-404-g291f19a (webtiles) character file.

16 Jorbantar the Vexing (level 2, -3/28 HPs)
             Began as an Ogre Arcane Marksman on Oct 28, 2017.
             Slain by a kobold
             ... wielding a +0 short sword
              (4 damage)
             ... on level 1 of the Dungeon.
             The game lasted 00:02:16 (513 turns).

Jorbantar the Vexing (Ogre Arcane Marksman)          Turns: 513, Time: 00:02:16

Health: -3/28      AC:  3    Str: 13    XL:     2   Next: 54%
Magic:  3/3        EV: 10    Int: 14    God:
Gold:   20         SH:  0    Dex:  9    Spells: 2/3 levels left

rFire    . . .     SeeInvis .   k - +0 whip
rCold    . . .     Gourm    .   (no shield)
rNeg     . . .     Faith    .   a - +0 robe
rPois    .         Spirit   .   (helmet restricted)
rElec    .         Reflect  .   (no cloak)
rCorr    .         Harm     .   (gloves unavailable)
MR       .....                  (boots unavailable)
Stlth    +.........             (no amulet)
HPRegen  0.09/turn              (no ring)
MPRegen  0.08/turn              (no ring)

@: no status effects
A: unfitting armour, tough skin 1
a: no special abilities


You were on level 1 of the Dungeon.
You were not hungry.

You visited 1 branch of the dungeon, and saw 1 of its levels.

You collected 20 gold pieces.

Inventory:

Hand Weapons
 k - a +0 whip (weapon)
Missiles
 c - 3 large rocks (quivered)
 d - 2 throwing nets
 g - 9 stones
Armour
 a - a +0 robe (worn)
Scrolls
 e - 2 scrolls of teleportation {unknown}
 h - 3 scrolls of enchant armour {unknown}
 m - a scroll of identify {unknown}
Potions
 j - a potion of invisibility {unknown}
 l - a potion of berserk rage {unknown}
Books
 b - a book of Debilitation

   Spells                             Type                      Level
   a - Corona                         Hexes                        1
   b - Slow                           Hexes                        2
   c - Inner Flame                    Hexes/Fire                   3
   d - Portal Projectile              Hexes/Translocation          3
   e - Cause Fear                     Hexes                        4
   f - Leda's Liquefaction            Hexes/Earth                  4
Comestibles
 f - a bread ration
 i - 3 chunks of flesh


   Skills:
 + Level 1.7 Fighting
 + Level 2.3 Throwing
 - Level 1.9 Dodging
 - Level 1.2 Spellcasting
 - Level 3.0 Hexes


You had 2 spell levels left.
You knew the following spells:

 Your Spells              Type           Power        Failure   Level  Hunger
a - Corona                Hex            #......      8%          1    ##.....


Dungeon Overview and Level Annotations

Branches:
Dungeon (1/15)

Altars:


Innate Abilities, Weirdness & Mutations

You are too large for most types of armour.
You have tough skin. (AC +1)


Message History

The leopard gecko is heavily wounded.
The bat hits you but does no damage. The leopard gecko barely misses you.
You miss the leopard gecko.
The leopard gecko is heavily wounded.
The leopard gecko closely misses you. The bat hits you but does no damage.
You closely miss the leopard gecko.
The leopard gecko is heavily wounded.
The bat barely misses you. The leopard gecko bites you.
* * * LOW HITPOINT WARNING * * *
You hit the leopard gecko.
The leopard gecko is almost dead.
The bat barely misses you. The leopard gecko closely misses you.
The leopard gecko barely misses you.
You hit the leopard gecko.
You kill the leopard gecko!
The bat closely misses you.
The kobold throws a stone.
The stone barely misses you.
The kobold throws a stone.
The stone completely misses you. The kobold hits you with a short sword.
You die...

.........................
.........................
.........................
.............#...#.......
#.##.###).?.....##.......
# #. #........##.......
#.##.###.....#......#.#..
.......#.................
.......#@K...#....)..†.##
........######..##.....##
.>.......# #....##.......
..(....#.###..........##.
.......#b..............##
########...##...........#
#..###...........#
##..##...........#
#...............##


You could see a kobold.

Vanquished Creatures
  A dart slug (D:1)
  A leopard gecko (D:1)
  3 hobgoblins (D:1)
  4 kobolds (D:1)
  A ball python (D:1)
  A bat (D:1)
  A goblin (D:1)
  A rat (D:1)
13 creatures vanquished.

Notes
Turn   | Place    | Note
-------+----------+-------------------------------------------
     0 | D:1      | Jorbantar the Ogre Arcane Marksman began the quest for the Orb.
     0 | D:1      | Reached XP level 1. HP: 19/19 MP: 2/2
   113 | D:1      | Reached skill level 3 in Hexes
   114 | D:1      | Reached XP level 2. HP: 14/27 MP: 3/3
   510 | D:1      | HP: 1/28 [leopard gecko (2)]
   513 | D:1      | Slain by a kobold

Vault maps used:
D:1:      eino_arrival_water_cross

Skill      XL: |  1 |
---------------+----+-----
Hexes          | 3 |  3.0
Fighting       | |  1.7
Throwing       | |  2.3
Dodging        | |  1.9
Spellcasting   | |  1.2

Action                   || total
-------------------------++-------
Melee: Whip              ||    47
       Unarmed           ||     3
Throw: Large rock        ||    15
Armor: Robe              ||    33
Dodge: Dodged            ||    83

Table legend:
 A = Spawn XP
 B = Non-spawn XP
 C = Spawn XP percentage of total XP
 D = Spawn monster count
 E = Non-spawn monster count
 F = Spawn count percentage of total count
 G = Total turns spent on level
                    A         B        C        D         E        F      G
               +---------+---------+-------+---------+---------+-------+---------
         Total |       0 |      23 |   0.0 |       0 |      13 |   0.0 |   513
               +---------+---------+-------+---------+---------+-------+---------
           D:1 |       0 |      23 |   0.0 |       0 |      13 |   0.0 |   513
               +---------+---------+-------+---------+---------+-------+---------
